 Dungeon Crawl Stone Soup version 0.23-a0-677-g07611c5 (webtiles) character file.

15 Amnesiac the Insei (level 2, 0/18 HPs)
             Began as an Octopode Transmuter on Jan 9, 2019.
             Succumbed to an adder's poison
             ... on level 3 of the Dungeon.
             The game lasted 00:00:35 (138 turns).

Amnesiac the Insei (Octopode Transmuter)             Turns: 138, Time: 00:00:36

Health: 0/18       AC:  1    Str:  9    XL:     2   Next: 50%
Magic:  5/5        EV: 13    Int: 15    God:
Gold:   0          SH:  0    Dex: 12    Spells: 4/5 levels left

rFire    . . .     SeeInvis .     - Unarmed
rCold    . . .     Gourm    .   (no shield)
rNeg     . . .     Faith    .   (helmet restricted)
rPois    .         Spirit   .   (no amulet)
rElec    .         Reflect  .   (no ring)
rCorr    .         Harm     .   (no ring)
MR       .....                  (no ring)
Stlth    ++........             (no ring)
HPRegen  0.06/turn              (no ring)
MPRegen  0.09/turn              (no ring)
                                (no ring)
                                (no ring)

@: lethally poisoned (0 -> -6)
A: almost no armour, stealthy swim, amphibious, 8 rings, constrict 8, camouflage
1, gelatinous body 1
a: no special abilities


You were on level 3 of the Dungeon.
You were not hungry.

You visited 1 branch of the dungeon, and saw 3 of its levels.

Inventory:

Missiles
 a - 12 arrows
Scrolls
 b - a scroll of magic mapping {!r, unknown}
 e - a scroll of enchant weapon {!r, unknown}
Comestibles
 c - a ration
 d - 2 chunks of flesh


   Skills:
 + Level 1.2 Fighting
 - Level 2.0 Dodging
 - Level 3.3 Unarmed Combat
 - Level 2.0 Spellcasting
 - Level 2.5 Transmutations


You had 4 spell levels left.
You knew the following spells:

 Your Spells              Type           Power        Failure   Level  Hunger
a - Beastly Appendage     Tmut           #.....       8%          1    #......

Your spell library contained the following spells:

 Spells                   Type           Power        Failure   Level  Hunger
 Sticks to Snakes         Tmut           #.......     12%         2    ###....
 Spider Form              Tmut/Pois      #.........   36%         3    ###....
 Ice Form                 Ice/Tmut       #.......     78%         4    #####..
 Blade Hands              Tmut           #.........   91%         5    ######.


Dungeon Overview and Level Annotations

Branches:
Dungeon (3/15)

Altars:


Innate Abilities, Weirdness & Mutations

You cannot wear most types of armour.
You are very stealthy in the water. (Stealth+)
You are amphibious.
You can wear up to eight rings at the same time.
You can use your tentacles to constrict eight enemies at once.
Your skin changes colour to match your surroundings (Stealth+).
Your rubbery body absorbs attacks. (AC +1, EV +1)


Message History

There is a stone staircase leading down here.
You climb downwards.
There is a stone staircase leading up here.
Found a stone staircase leading up.
An adder comes into view.
An adder is nearby!
Found a scroll labeled RANARO XAKEPYO.
Found a stone staircase leading down.
There is a stone staircase leading up here.
The helpless adder fails to defend itself.
You tentacle-slap the adder. You grab the adder. You squeeze the adder.
The adder is heavily wounded.
You constrict the adder. The adder bites you.
You are poisoned.
The adder poisons you!
You tentacle-slap the adder but do no damage.
The adder is severely wounded.
You constrict the adder.
You feel sick. The adder bites you.
You are lethally poisoned!
The adder poisons you! The adder closely misses you.
You tentacle-slap the adder.
You kill the adder!
You have reached level 2!
You feel sick.
There is a lethal amount of poison in your body!
There is a lethal amount of poison in your body!
You feel sick.
A dart slug comes into view.
You see here a scroll labeled RANARO XAKEPYO {!r}.
e - a scroll labeled RANARO XAKEPYO {!r}
* * * LOW HITPOINT WARNING * * *
You feel sick.
* * * LOW HITPOINT WARNING * * *
You feel sick.
* * * LOW HITPOINT WARNING * * *
You feel sick.
You tentacle-slap the dart slug but do no damage.
You grab the dart slug. You constrict the dart slug.
* * * LOW HITPOINT WARNING * * *
You feel sick.
You tentacle-slap the dart slug.
The dart slug is moderately wounded.
You constrict the dart slug. The dart slug closely misses you.
You tentacle-slap the dart slug. You squeeze the dart slug.
The dart slug is heavily wounded.
You constrict the dart slug.
* * * LOW HITPOINT WARNING * * *
You feel sick. The dart slug bites you.
* * * LOW HITPOINT WARNING * * *
You tentacle-slap the dart slug.
The dart slug is almost dead.
You constrict the dart slug.
You kill the dart slug!
* * * LOW HITPOINT WARNING * * *
You feel sick.
There is a stone staircase leading down here.
You climb downwards.
Found a ration.
There is a stone staircase leading up here.
You aren't carrying any potions.
Okay, then.
* * * LOW HITPOINT WARNING * * *
You feel sick.
You die...

############
#.....<....#####.#
#.#####.##.@%....#
#.########## #.#
#.# #.. #.# #.#


There were no monsters in sight!

Vanquished Creatures
  An adder (D:2)
  A dart slug (D:2)
  2 goblins (D:1)
4 creatures vanquished.

Notes
Turn   | Place    | Note
-------+----------+-------------------------------------------
     0 | D:1      | Amnesiac the Octopode Transmuter began the quest for the
                  | Orb.
     0 | D:1      | Reached XP level 1. HP: 13/13 MP: 3/3
   120 | D:2      | Reached XP level 2. HP: 12/18 MP: 5/5
   138 | D:3      | Succumbed to an adder's poison

Vault maps used:
D:1:      psy_arrival_spokes, minmay_misc_feat_iff, minmay_pentomino_q2
D:2:      minmay_indecisive_spiral
D:3:      first_ration, grunt_dithmenos_smoke_and_mirrors, uniq_terence

Action                   || total
-------------------------++-------
Melee: Unarmed           ||    10
       Constrict         ||     3
       Tentacles         ||     2
 Stab: Sleeping          ||     2
Armor: Skin              ||     1
Dodge: Dodged            ||     2

Table legend:
 A = Non-vault XP
 B = Vault XP
 C = Vault XP percentage of total XP
 D = Non-vault monster count
 E = Vault monster count
 F = Vault count percentage of total count
                 A         B        C        D         E       F
            +---------+---------+-------+---------+---------+-------
      Total |      22 |       0 |   0.0 |       4 |       0 |   0.0
            +---------+---------+-------+---------+---------+-------
        D:1 |       4 |       0 |   0.0 |       2 |       0 |   0.0
        D:2 |      18 |       0 |   0.0 |       2 |       0 |   0.0
            +---------+---------+-------+---------+---------+-------
